[Event "Team 45 45 League T36"]
[Site "Internet Chess Club"]
[Date "2008.03.02"]
[Round "6"]
[White "kolibandi"]
[Black "Squeaker"]
[Result "1-0"]
[WhiteElo "2079"]
[BlackElo "1956"]
[Opening "KP: Nimzovich defense"]
[ECO "B00"]
[Time "14:06:27"]
[TimeControl "2700+45"]

1. e4 Nc6 2. Nc3 Nf6 3. Nf3 d5 4. e5 Ne4 5. d4 f6 6. Bd3 Bg4 7. Nxe4 dxe4 8.
Bxe4 Bxf3 9. Qxf3 Nxd4 10. Qh5+ g6 11. Bxg6+ hxg6 12. Qxg6+ Kd7 13. Be3 Rh4 14.
O-O-O Qe8 15. Qg3 Qh5 16. Qxh4 Qxh4 17. Rxd4+ Qxd4 18. Bxd4 Bh6+ 19. Kd1 Ke6 20.
Ke2 fxe5 21. Be3 Bg7 22. g4 Kf6 23. h4 a6 24. Kf3 Rd8 25. Ke4 e6 26. g5+ Kg6 27.
h5+ Kh7 28. g6+ Kh8 29. c3 Bf6 30. Rg1 Bh4 31. Bg5 Bxg5 32. Rxg5 Kg7 33. Rg2 a5
34. Kxe5 Rd5+ 35. Kxe6 Rxh5 36. f4 Rh8 37. f5 Rf8 38. Ke5 b5 39. Rh2 Re8+ 40.
Kf4 Kf6 41. Rh7 Rf8 42. Rxc7 b4 43. Rf7+ Rxf7 44. gxf7 Kxf7 45. c4 a4 46. b3 a3
47. Ke5 Ke7 48. Kd5 Kf6 49. Kc5 Kxf5 50. Kxb4 Ke6 51. Kxa3 Kd7 52. Kb4 Kc7 53.
Kb5 Kb7 54. c5 Kb8 55. Kb6 Kc8 56. c6 Kb8 57. c7+ Kc8 58. a4 Kd7 59. Kb7 Kd6 60.
c8=Q Kd5 61. Qc6+ Kd4 62. Qb5 Ke3 63. Qc4 Kf3 64. Qd4 Kg2 65. Qe3 Kf1 66. Qd2
Kg1 67. Kc6 Kh1 68. Kd5 Kg1 69. Ke4 Kh1 70. Kf3 Kg1 71. Qg2# {Black checkmated}
1-0

[Event "Team 45 45 League T36"]
[Site "Internet Chess Club"]
[Date "2008.03.01"]
[Round "6"]
[White "Fezzik"]
[Black "Beetlejuice"]
[Result "1-0"]
[WhiteElo "2051"]
[BlackElo "1960"]
[Opening "Queen's pawn game, Chigorin variation"]
[ECO "D02"]
[Time "14:07:01"]
[TimeControl "2700+45"]

1. Nf3 d5 2. d4 Nc6 3. c4 Bg4 4. Nc3 e6 5. Bf4 Bb4 6. e3 Nge7 7. h3 Bxf3 8. Qxf3
Ng6 9. Bg3 O-O 10. Rc1 Re8 11. cxd5 exd5 12. Be2 Nce7 13. O-O c6 14. Bd3 Bd6 15.
h4 Bxg3 16. Qxg3 Qb8 17. Qxb8 Raxb8 18. g3 Rbd8 19. b4 a6 20. a4 Nc8 21. b5 cxb5
22. axb5 a5 23. Na4 b6 24. Bxg6 hxg6 25. Rc6 Re6 26. Rfc1 Na7 27. Rxe6 fxe6 28.
Nxb6 Nxb5 29. Rc5 Nd6 30. Rxa5 Kf7 31. Ra7+ Kf6 32. Nd7+ Kf5 33. Ne5 Kf6 34. g4
g5 35. hxg5+ Kxg5 36. Rxg7+ Kf6 37. Rg6+ Ke7 38. Nc6+ Kf7 39. Nxd8+ Kxg6 40.
Nxe6 {Black resigns} 1-0

[Event "Team 45 45 League T36"]
[Site "Internet Chess Club"]
[Date "2008.03.09"]
[Round "6"]
[White "camembert"]
[Black "Socraticchess"]
[Result "1/2-1/2"]
[WhiteElo "1911"]
[BlackElo "1761"]
[Opening "QGD: Tarrasch defense"]
[ECO "D32"]
[Time "14:02:29"]
[TimeControl "2700+45"]

1. d4 d5 2. c4 e6 3. Nc3 c5 4. cxd5 exd5 5. Nf3 Nc6 6. Bg5 Be7 7. Bxe7 Ngxe7 8.
e3 c4 9. Be2 O-O 10. O-O a6 11. e4 dxe4 12. Nxe4 b5 13. a4 Bf5 14. Ng3 Be6 15.
axb5 axb5 16. Rxa8 Qxa8 17. Ne4 Rd8 18. Nc5 Bf5 19. b3 cxb3 20. Qxb3 b4 21. Ne5
Nxe5 22. dxe5 Nc6 23. Bc4 Nxe5 24. Qxb4 Bh3 25. Bxf7+ Kh8 26. Qe4 Bxg2 27. Qxg2
Qxg2+ 28. Kxg2 Nxf7 29. Ne4 h6 30. Ra1 Rd4 31. Ng3 Rg4 32. Ra7 Nd6 33. Kh3 Rf4
34. Rxg7 Rxf2 35. Re7 {Game drawn by mutual agreement} 1/2-1/2

[Event "Team 45 45 League T36"]
[Site "Internet Chess Club"]
[Date "2008.03.01"]
[Round "6"]
[White "kabindra"]
[Black "Legal"]
[Result "0-1"]
[WhiteElo "1752"]
[BlackElo "1992"]
[Opening "Sicilian: accelerated fianchetto, modern variation with Bc4"]
[ECO "B35"]
[Time "15:32:27"]
[TimeControl "2700+45"]

1. e4 c5 2. Nf3 g6 3. d4 cxd4 4. Nxd4 Nc6 5. Nc3 Nf6 6. Bc4 Bg7 7. Be3 O-O 8.
O-O a5 9. f4 d5 10. exd5 Nb4 11. f5 Nbxd5 12. Nxd5 Nxd5 13. Bxd5 Qxd5 14. fxg6
hxg6 15. c3 e5 16. Nb3 Be6 17. Qe2 Qc6 18. Nd2 a4 19. a3 Rad8 20. Qf2 Rd7 21.
Nf3 Bc4 22. Rfd1 Rfd8 23. Rxd7 Rxd7 24. Qg3 Qb5 25. Qf2 Qd5 26. Nd2 Bb5 27. Rc1
Bc6 28. c4 Qe6 29. b3 axb3 30. Nxb3 Qd6 31. h3 Qxa3 32. Nc5 Rd8 33. Rf1 Rf8 34.
Bg5 e4 35. Be7 Qc3 36. Kh1 e3 37. Qh4 Qd2 38. Rg1 Re8 39. Bg5 Qc3 40. Re1 f6 41.
Bh6 Bxh6 42. Qxh6 Qxe1+ 43. Kh2 Re7 44. Nd3 Qd1 45. Nf4 Qd6 46. h4 Qxf4+ 47.
Qxf4 e2 48. h5 e1=Q 49. hxg6 {White resigns} 0-1

[Event "Team 45 45 League T36"]
[Site "Internet Chess Club"]
[Date "2008.03.03"]
[Round "6"]
[White "Loco-Motif"]
[Black "QueensCounselor"]
[Result "0-1"]
[WhiteElo "2012"]
[BlackElo "1805"]
[Opening "Grünfeld: exchange, classical variation"]
[ECO "D86"]
[Time "14:17:36"]
[TimeControl "2700+45"]

1. d4 Nf6 2. c4 g6 3. Nc3 d5 4. cxd5 Nxd5 5. e4 Nxc3 6. bxc3 Bg7 7. Bc4 c5 8.
Ne2 Nc6 9. Be3 Nb8 10. Qd2 O-O 11. O-O Nc6 12. Rfd1 Na5 13. Bd5 c4 14. Bg5 Qd7
15. Qb2 e6 16. Qb4 Qc7 17. Bf4 Qb6 18. Bd6 Rd8 19. Bc5 Qa6 20. Bxe6 fxe6 21. e5
b6 22. Bd6 Bf8 23. Bxf8 Rxf8 24. f3 Qb7 25. Ng3 Qc7 26. Ne4 Bb7 27. Nf6+ Kh8 28.
Re1 Rf7 29. Rab1 Qe7 30. Qb2 Rd8 31. Qc2 Nc6 32. Qa4 Na5 33. Re3 Bc6 34. Qc2 b5
35. Qe2 a6 36. Rb2 Bd5 37. Qe1 Nc6 38. Qh4 Qa3 39. Qf2 Ne7 40. Rc2 Bb7 41. Rce2
Nf5 {White resigns} 0-1

[Event "Team 45 45 League T36"]
[Site "Internet Chess Club"]
[Date "2008.03.02"]
[Round "6"]
[White "Rainbird"]
[Black "Holzschlange"]
[Result "1-0"]
[WhiteElo "1768"]
[BlackElo "1873"]
[Opening "QGD: Tarrasch, von Hennig-Schara gambit"]
[ECO "D32"]
[Time "17:03:18"]
[TimeControl "2700+45"]

1. d4 d5 2. c4 e6 3. Nc3 c5 4. cxd5 cxd4 5. Qa4+ Bd7 6. Qxd4 exd5 7. Qxd5 Nc6 8.
Nf3 Nf6 9. Qd1 Bc5 10. Bg5 Qb6 11. e3 O-O-O 12. Qb3 Nb4 13. Bc4 Bf5 14. Rc1 Bd3
15. Bxf7 Bb5 16. Qe6+ Qxe6 17. Bxe6+ Bd7 18. Bxd7+ Nxd7 19. Bxd8 Nd3+ 20. Ke2
Nxc1+ 21. Rxc1 Kxd8 22. Ng5 Ke8 23. Nce4 Bb6 24. Rc8+ Bd8 25. Rxd8+ Kxd8 26.
Nf7+ Ke7 27. Nxh8 Ne5 28. f3 Kf8 29. Nd6 {Black resigns} 1-0

[Event "Team 45 45 League T36"]
[Site "Internet Chess Club"]
[Date "2008.03.02"]
[Round "6"]
[White "touchthis"]
[Black "burnsja2003"]
[Result "0-1"]
[WhiteElo "1783"]
[BlackElo "1737"]
[Opening "Bird's opening"]
[ECO "A02"]
[Time "18:01:26"]
[TimeControl "2700+45"]

1. f4 d6 2. e3 Nf6 3. b3 c5 4. Bb2 e6 5. Nf3 Be7 6. Bd3 Nc6 7. Bb5 Bd7 8. O-O a6
9. Bxc6 Bxc6 10. d3 O-O 11. e4 Qb6 12. Nbd2 Qa7 13. a4 b5 14. axb5 Bxb5 15. c4
Bc6 16. e5 dxe5 17. Nxe5 Qb7 18. Nxc6 Qxc6 19. Nf3 Rad8 20. Ne5 Qb7 21. Rf3 Nh5
22. Rf2 Nf6 23. Bc3 Ne4 24. Rc2 Qxb3 25. Rb1 Nxc3 26. Rxb3 Nxd1 27. Re2 Rb8 28.
Rxb8 Rxb8 29. Nc6 Re8 30. Ra2 Bf6 31. Rxa6 Bd4+ 32. Nxd4 cxd4 33. Rd6 Nc3 34.
Kf2 f6 35. Rxd4 e5 36. fxe5 Rxe5 37. Rd7 Rc5 38. Ke3 Re5+ 39. Kd4 Na2 40. c5 Nb4
41. Kc4 Nc6 42. d4 Re2 43. Rd6 Ne7 44. c6 Rxg2 45. d5 Rxh2 46. Rd8+ Kf7 47. Rd7
Ke8 48. Kc5 Rd2 49. d6 Nf5 50. Ra7 Rxd6 51. Ra8+ Rd8 52. Ra7 Rc8 53. Kb6 Ne7 54.
c7 Nd5+ 55. Kc6 Rxc7+ 56. Rxc7 Nxc7 {White resigns} 0-1

[Event "Team 45 45 League T36"]
[Site "Internet Chess Club"]
[Date "2008.02.28"]
[Round "6"]
[White "Stav"]
[Black "sean98"]
[Result "0-1"]
[WhiteElo "1741"]
[BlackElo "1662"]
[Opening "Réti opening"]
[ECO "A04"]
[Time "16:08:46"]
[TimeControl "2700+45"]

1. Nf3 c5 2. b3 Nf6 3. Bb2 d6 4. e3 a6 5. c4 e6 6. g3 Bd7 7. Bg2 Bc6 8. O-O Be7
9. d4 cxd4 10. Bxd4 O-O 11. Nbd2 e5 12. Bb2 h6 13. Qc2 Qc7 14. Rac1 Nbd7 15.
Rfd1 b6 16. Nb1 Rfd8 17. Nc3 Qb7 18. Ne1 Bxg2 19. Nxg2 Rac8 20. Qb1 Nc5 21. Nd5
Nxd5 22. Rxd5 Nd7 23. Rcd1 Nf6 24. R5d3 Qf3 25. Nh4 Qh5 26. Ba3 Ng4 27. h3 Nf6
28. Bxd6 Bxd6 29. Rxd6 Rxd6 30. Rxd6 Rb8 31. Qf5 Qxf5 32. Nxf5 Ne4 33. Rd7 Nc3
34. Ne7+ Kf8 35. Nc6 Re8 36. a4 f6 37. Kf1 Ne4 38. Ke2 Nc5 39. Nb4 Nxd7 {White
resigns} 0-1

[Event "Team 45 45 League T36"]
[Site "Internet Chess Club"]
[Date "2008.03.01"]
[Round "6"]
[White "mal57"]
[Black "kingphisch"]
[Result "0-1"]
[WhiteElo "1378"]
[BlackElo "1455"]
[Opening "Caro-Kann: advance variation"]
[ECO "B12"]
[Time "12:10:45"]
[TimeControl "2700+45"]

1. e4 c6 2. d4 d5 3. e5 Bf5 4. Nc3 e6 5. Nf3 Ne7 6. Nh4 Nd7 7. Nxf5 Nxf5 8. Bd3
g6 9. Bxf5 gxf5 10. Ne2 Qc7 11. Be3 Be7 12. Nf4 O-O-O 13. a4 Nf8 14. a5 a6 15.
Ra4 Ng6 16. Nd3 h5 17. c4 Rdg8 18. cxd5 exd5 19. g3 h4 20. Qf3 Qd7 21. b3 hxg3
22. fxg3 Bf8 23. Bg5 Rh7 24. Bf6 Kb8 25. Nf4 Be7 26. Nh5 Nf8 27. Bxe7 Qxe7 28.
Nf6 Rgh8 29. Nxh7 Nxh7 30. Qxf5 Ng5 31. O-O Rf8 32. Raa1 Ne4 33. Qf4 Ng5 34. e6+
Kc8 35. exf7 Nh3+ 36. Kg2 Nxf4+ 37. Rxf4 Rxf7 38. Raf1 Rxf4 39. Rxf4 Qe2+ 40.
Rf2 Qe4+ 41. Kh3 Qxd4 42. Rf8+ Kd7 43. Rf4 Qe5 44. Rf7+ Kc8 45. Rf8+ Kc7 46.
Rf7+ Kb8 47. Rf8+ Ka7 48. g4 d4 49. Kh4 Qe7+ {White resigns} 0-1

[Event "Team 45 45 League T36"]
[Site "Internet Chess Club"]
[Date "2008.03.01"]
[Round "6"]
[White "cayo89"]
[Black "vkpanch"]
[Result "1/2-1/2"]
[WhiteElo "1796"]
[BlackElo "1640"]
[Opening "Sicilian defense"]
[ECO "B30"]
[Time "12:59:58"]
[TimeControl "2700+45"]

1. e4 c5 2. Nf3 Nc6 3. c3 g6 4. Bd3 Bg7 5. Bc2 Nf6 6. d3 d5 7. e5 Ng4 8. d4 cxd4
9. cxd4 f6 10. h3 Nh6 11. exf6 exf6 12. O-O O-O 13. Nc3 Nf7 14. Bb3 Be6 15. Re1
Re8 16. a3 Kh8 17. Bc2 Ng5 18. Nxg5 fxg5 19. Be3 a6 20. Qd2 g4 21. hxg4 Bxg4 22.
Bb3 Qb6 23. Bxd5 Nxd4 24. f3 Be6 25. Rad1 Bxd5 26. Nxd5 Qc5 27. Bxd4 Bxd4+ 28.
Kf1 Rxe1+ 29. Kxe1 Re8+ 30. Kf1 Qc4+ 31. Qd3 Qxd3+ 32. Rxd3 Bxb2 33. Rb3 Bc1 34.
Rxb7 Bxa3 35. Nc7 Rc8 36. Nxa6 Rc1+ 37. Kf2 Rc2+ 38. Kf1 Bd6 39. Rd7 Rc6 40. Ra7
Bg3 41. Nb4 Rc1+ 42. Ke2 Re1+ 43. Kd3 Rb1 44. Kc4 Bd6 45. Nd3 Rg1 46. Ra2 Kg7
47. Re2 Kh6 48. Kd5 Bg3 49. Ke4 Kh5 50. Nf4+ Bxf4 51. Kxf4 Kh4 52. g4 g5+ 53.
Ke4 Kg3 54. Re3 Rf1 55. Rd3 Re1+ 56. Re3 Rxe3+ 57. Kxe3 h6 58. Ke2 Kg2 59. Ke3
Kf1 60. f4 gxf4+ 61. Kxf4 Kg2 62. g5 hxg5+ 63. Kxg5 {Game drawn because neither
player has mating material} 1/2-1/2

[Event "Team 45 45 League T36"]
[Site "Internet Chess Club"]
[Date "2008.02.28"]
[Round "6"]
[White "avila"]
[Black "HKNIGHT"]
[Result "0-1"]
[WhiteElo "1607"]
[BlackElo "1742"]
[Opening "Sicilian: Labourdonnais-Löwenthal variation"]
[ECO "B32"]
[Time "18:05:33"]
[TimeControl "2700+45"]

1. e4 c5 2. Nf3 Nc6 3. d4 cxd4 4. Nxd4 e5 5. Nb3 a6 6. Be3 Nf6 7. Nc3 Bb4 8. f3
O-O 9. Be2 d5 10. exd5 Nxd5 11. Qd2 Nxc3 12. bxc3 Qxd2+ 13. Bxd2 Be7 14. O-O Bf5
15. Bd3 Bxd3 16. cxd3 Rfd8 17. Nc1 Ba3 18. Rd1 b5 19. Be3 Bb2 20. Rb1 Bxc3 21.
Ne2 Ba5 22. Ng3 Nd4 23. Bxd4 Rxd4 24. Ne2 Rd7 25. Kf1 Rad8 26. Nc1 f5 27. Nb3
Bb6 28. Ke2 Kf7 29. Rbc1 Rd6 30. Nc5 Bxc5 31. Rxc5 Ke6 32. Rc7 R8d7 33. Rxd7
Kxd7 34. Ke3 Rc6 35. Rd2 Ke6 36. g3 a5 37. f4 b4 38. h4 g6 39. Rb2 Rc3 40. Ke2
exf4 41. gxf4 Kd5 42. Ke3 Kc5 43. Rd2 a4 44. Rb2 b3 45. axb3 axb3 46. Rd2 Kb4
47. Kd4 Rc2 48. Ke3 Kc3 49. Rd1 b2 50. Rb1 Rc1 51. Rxb2 Kxb2 52. d4 Rd1 53. d5
Rxd5 54. Ke2 Kc2 55. Ke3 Kc3 56. Ke2 Rd3 57. Kf2 Kd2 58. Kg2 Ke2 59. Kg1 Rg3+
60. Kh2 Kf2 61. h5 gxh5 62. Kh1 Rh3# {White checkmated} 0-1

[Event "Team 45 45 League T36"]
[Site "Internet Chess Club"]
[Date "2008.02.29"]
[Round "6"]
[White "scottrugby"]
[Black "natethegreat"]
[Result "1-0"]
[WhiteElo "1551"]
[BlackElo "1570"]
[Opening "Sicilian: closed"]
[ECO "B23"]
[Time "18:01:37"]
[TimeControl "2700+45"]

1. e4 c5 2. Nc3 d6 3. f4 Nc6 4. Nf3 g6 5. Bb5 Bd7 6. d3 Bg7 7. O-O Nf6 8. Bxc6
Bxc6 9. h3 O-O 10. Qe1 Nd7 11. Qh4 f6 12. Ne2 c4 13. Be3 Bb5 14. Ned4 Qb6 15.
Nf5 Qd8 16. Nxg7 Kxg7 17. f5 g5 18. Bxg5 Qb6+ 19. Kh1 fxg5 20. Nxg5 Rh8 21. Ne6+
Kf7 22. Qh5+ Kf6 23. Qh6+ Ke5 24. d4+ Kxe4 25. Qf4+ Kd5 26. Qf3# {Black
checkmated} 1-0

[Event "Team 45 45 League T36"]
[Site "Internet Chess Club"]
[Date "2008.02.29"]
[Round "6"]
[White "Caminator"]
[Black "Just-Jim"]
[Result "1-0"]
[WhiteElo "1294"]
[BlackElo "1345"]
[Opening "Three knights game"]
[ECO "C46"]
[Time "21:09:43"]
[TimeControl "2700+45"]

1. e4 e5 2. Nf3 Nc6 3. Nc3 Bc5 4. Bc4 h6 5. O-O d6 6. h3 Nge7 7. Nd5 O-O 8. c3
Be6 9. d4 exd4 10. cxd4 Bb6 11. Nxb6 axb6 12. d5 Na5 13. Bd3 Bd7 14. b4 f5 15.
bxa5 bxa5 16. Rb1 b6 17. Re1 Qc8 18. exf5 Nxf5 19. Kh2 c5 20. Qc2 Rb8 21. g4 Nd4
22. Nxd4 Bxg4 23. Ne6 Bxe6 24. Rxe6 Qd8 25. Qe2 Qh4 26. f3 Rb7 27. Kg2 Rbf7 28.
Qe4 Qxe4 29. Bxe4 h5 30. Rxd6 Rc7 31. Rbxb6 c4 32. Rdc6 Rb7 {Black resigns} 1-0

[Event "Team 45 45 League T36"]
[Site "Internet Chess Club"]
[Date "2008.03.04"]
[Round "6"]
[White "chsrules88"]
[Black "Ser-Enigma"]
[Result "1/2-1/2"]
[WhiteElo "2031"]
[BlackElo "2054"]
[Opening "Sicilian: Pelikan, Chelyabinsk variation"]
[ECO "B33"]
[Time "14:02:26"]
[TimeControl "2700+45"]

1. e4 c5 2. Nf3 Nc6 3. d4 cxd4 4. Nxd4 Nf6 5. Nc3 e5 6. Ndb5 d6 7. Bg5 a6 8. Na3
b5 9. Nd5 Be7 10. Bxf6 Bxf6 11. c3 O-O 12. Nc2 Rb8 13. Bd3 Be6 14. Nce3 Bg5 15.
O-O a5 16. a4 b4 17. Bb5 Na7 18. cxb4 Nxb5 19. axb5 Rxb5 20. bxa5 Rxa5 21. Qd3
Rxa1 22. Rxa1 Qb8 23. Nc4 Rc8 24. Ncb6 Rc1+ 25. Rxc1 Bxc1 26. b4 Qa7 27. Qc3 Bg5
28. h3 g6 29. Qc6 Bxd5 30. Nxd5 Bh4 31. Qb6 Qa1+ 32. Kh2 Qe1 33. g3 Qxe4 34.
Qb8+ Kg7 35. Qxd6 Qd4 36. Qc5 Bd8 37. Qxd4 exd4 38. Kg2 Kf8 39. Kf3 f5 40. Ke2
Ke8 41. Kd3 Kd7 42. Kxd4 Kd6 43. Kc4 g5 44. b5 h5 45. Kd4 Ba5 46. Ne3 Bb6+ 47.
Kc4 Ke5 48. f4+ gxf4 49. gxf4+ Ke4 50. Nd5 Bf2 51. Nb4 h4 52. Nd3 Be3 53. Nc5+
Kxf4 54. b6 Kg3 55. b7 Bf4 56. Kd5 Kxh3 57. Nd7 Bc7 58. Kc6 Bf4 59. Kd5 {Game
drawn by mutual agreement} 1/2-1/2

[Event "Team 45 45 League T36"]
[Site "Internet Chess Club"]
[Date "2008.03.03"]
[Round "6"]
[White "DeLaSalle"]
[Black "Atwode"]
[Result "1/2-1/2"]
[WhiteElo "2020"]
[BlackElo "1793"]
[Opening "Levitsky attack (Queen's bishop attack)"]
[ECO "D00"]
[Time "14:02:25"]
[TimeControl "2700+45"]

1. d4 d5 2. Bg5 h6 3. Bh4 c6 4. e3 Qb6 5. b3 e5 6. Nf3 Bg4 7. Be2 exd4 8. exd4
Nd7 9. O-O Ngf6 10. Re1 Be7 11. Ne5 Be6 12. Nxd7 Kxd7 13. c3 Rhe8 14. Nd2 Rad8
15. Nf3 Kc8 16. a4 Ne4 17. Qc2 Bxh4 18. Nxh4 Qc7 19. Bd3 Nf6 20. Re2 Bd7 21.
Rae1 Rxe2 22. Rxe2 Re8 23. Rxe8+ Nxe8 24. g3 Nd6 25. b4 Bg4 26. a5 {Game drawn
by mutual agreement} 1/2-1/2

[Event "Team 45 45 League T36"]
[Site "Internet Chess Club"]
[Date "2008.03.02"]
[Round "6"]
[White "netshooter"]
[Black "vollmerj"]
[Result "0-1"]
[WhiteElo "1830"]
[BlackElo "1740"]
[Opening "Alekhine's defense"]
[ECO "B03"]
[Time "09:32:32"]
[TimeControl "2700+45"]

1. e4 Nf6 2. e5 Nd5 3. d4 d6 4. c4 Nb6 5. Nf3 dxe5 6. Nxe5 N8d7 7. Nf3 Nf6 8.
Nc3 Bg4 9. Be3 g6 10. h3 Bxf3 11. Qxf3 c6 12. Be2 Bg7 13. O-O O-O 14. Rad1 Qc8
15. Qg3 Qe6 16. b3 Ne4 17. Nxe4 Qxe4 18. Bf3 Qc2 19. Rd2 Qc3 20. Rfd1 e5 21.
dxe5 Qxe5 22. Bf4 Qc3 23. h4 Rfe8 24. h5 Be5 25. hxg6 fxg6 26. Bxe5 Qxe5 27. Qg4
Qe6 28. Qf4 Rf8 29. Qg3 Qf6 30. Rd6 Qf4 31. Qh3 Rf5 32. R6d4 Qc7 33. Be4 Rff8
34. c5 Nd5 35. Bxd5+ cxd5 36. Rxd5 Qf7 37. Rd7 Qxf2+ 38. Kh1 Rf7 39. Rxf7 Qxf7
40. Rd7 Qf1+ 41. Kh2 Qf4+ 42. Kg1 Qc1+ 43. Kf2 Qf4+ 44. Kg1 Qc1+ 45. Kh2 Qf4+
46. Qg3 Qh6+ 47. Qh3 Qf4+ 48. g3 Qf2+ 49. Qg2 Qxc5 50. Qxb7 Qf2+ 51. Qg2 Qxg2+
52. Kxg2 a5 53. Kh3 Rb8 54. Ra7 Rb5 55. Kh4 h6 56. g4 Rc5 57. a3 Rb5 58. a4 Rc5
59. Rb7 Rc3 60. Rb5 Kg7 61. Rxa5 g5+ {White resigns} 0-1

[Event "Team 45 45 League T36"]
[Site "Internet Chess Club"]
[Date "2008.03.03"]
[Round "6"]
[White "Zkid"]
[Black "Despair"]
[Result "1/2-1/2"]
[WhiteElo "2213"]
[BlackElo "1991"]
[Opening "Alekhine's defense: exchange variation"]
[ECO "B03"]
[Time "01:06:40"]
[TimeControl "2700+45"]

1. e4 Nf6 2. e5 Nd5 3. d4 d6 4. c4 Nb6 5. exd6 exd6 6. Nf3 Bg4 7. Be2 g6 8. Nc3
Nc6 9. O-O Bg7 10. h3 Bxf3 11. Bxf3 O-O 12. Bxc6 bxc6 13. Qd3 Qh4 14. Be3 c5 15.
dxc5 Qxc4 16. Qxc4 Nxc4 {Game drawn by mutual agreement} 1/2-1/2

[Event "Team 45 45 League T36"]
[Site "Internet Chess Club"]
[Date "2008.03.01"]
[Round "6"]
[White "jazzpiano"]
[Black "crankn8tr"]
[Result "1/2-1/2"]
[WhiteElo "1841"]
[BlackElo "1703"]
[Opening "Sicilian: Smith-Morra gambit"]
[ECO "B21"]
[Time "15:06:49"]
[TimeControl "2700+45"]

1. e4 c5 2. d4 cxd4 3. c3 dxc3 4. Nxc3 Nc6 5. Nf3 d6 6. Bc4 e6 7. O-O Be7 8. Qe2
a6 9. Rd1 Bd7 10. Bf4 e5 11. Bg3 Nf6 12. h3 O-O 13. Rac1 Rc8 14. Nd5 Nxd5 15.
Bxd5 b5 16. Rc2 Nb4 17. Rxc8 Qxc8 18. Bb3 Be6 19. Qe3 Bxb3 20. Qxb3 Qc2 21. Qxc2
Nxc2 22. Rc1 Nb4 23. Rc7 Re8 24. Ra7 Nxa2 25. Rxa6 Nb4 26. Rb6 Nd3 27. Rxb5 Nc5
28. Nd2 Bg5 29. b4 Ne6 30. Nc4 Rd8 31. Rd5 Nd4 32. Rxd6 Ne2+ 33. Kf1 Nxg3+ 34.
fxg3 Rxd6 35. Nxd6 Be7 36. Nc4 Bxb4 37. Nxe5 Bd6 38. Nd7 Bxg3 39. Ke2 {Game
drawn by mutual agreement} 1/2-1/2

[Event "Team 45 45 League T36"]
[Site "Internet Chess Club"]
[Date "2008.03.05"]
[Round "6"]
[White "quickchess"]
[Black "Tomate"]
[Result "1-0"]
[WhiteElo "1502"]
[BlackElo "1439"]
[Opening "Bird's opening"]
[ECO "A03"]
[Time "19:43:25"]
[TimeControl "2700+45"]

1. f4 d5 2. Nf3 Nf6 3. e3 Nc6 4. d3 Bg4 5. h3 Bxf3 6. Qxf3 Qd7 7. c3 O-O-O 8.
Nd2 e6 9. g4 g6 10. Bg2 Bg7 11. O-O Ne8 12. a4 f5 13. e4 dxe4 14. dxe4 fxg4 15.
hxg4 Rf8 16. Nb3 Be5 17. Be3 Ng7 18. Nc5 Qe8 19. a5 a6 20. Qh3 Bd6 21. e5 Bxc5
22. Bxc5 Rh8 23. b4 h5 24. b5 axb5 25. a6 b6 26. Qf3 Rd5 27. Bxb6 cxb6 28. Qe3
Rc5 29. a7 Kb7 30. a8=Q+ Qxa8 31. Rxa8 Kxa8 32. Bxc6+ Rxc6 33. Qe4 Rc8 34. Qxg6
Rg8 35. Qf7 Rcc8 36. Ra1+ {Black resigns} 1-0

[Event "Team 45 45 League T36"]
[Site "Internet Chess Club"]
[Date "2008.03.02"]
[Round "6"]
[White "Visin"]
[Black "beerss"]
[Result "0-1"]
[WhiteElo "1242"]
[BlackElo "1503"]
[Opening "Scandinavian defense"]
[ECO "B01"]
[Time "14:04:49"]
[TimeControl "2700+45"]

1. e4 d5 2. exd5 Nf6 3. Nc3 Nxd5 4. Nf3 Nxc3 5. bxc3 Bg4 6. Be2 Nc6 7. h3 Bh5 8.
O-O e6 9. d4 Be7 10. Re1 O-O 11. Ne5 Bxe2 12. Qxe2 Nxe5 13. Qxe5 Bf6 14. Qg3 c6
15. a4 a6 16. Bf4 Qd5 17. Reb1 b5 18. axb5 axb5 19. Qd3 Rxa1 20. Rxa1 h6 21. Qd1
Rc8 22. Ra6 Qe4 23. Be3 Qd5 24. Qa1 Qd8 25. Qa5 Qe8 26. Bf4 Qd7 27. Ra7 Qd5 28.
Rc7 Rxc7 29. Qxc7 Qe4 30. Be3 Bg5 31. Bxg5 hxg5 32. Qd8+ Kh7 33. Qxg5 Qe1+ 34.
Kh2 Qxc3 35. Qh4+ Kg8 36. Qd8+ Kh7 37. Qh4+ Kg6 38. Qe4+ Kf6 39. Qe5+ Ke7 40.
Qxg7 Qxc2 41. Qg5+ Kd7 42. h4 Qxf2 43. h5 Qxd4 44. h6 b4 45. h7 b3 46. h8=Q
Qxh8+ 47. Kg1 b2 {White resigns} 0-1

[Event "Team 45 45 League T36"]
[Site "Internet Chess Club"]
[Date "2008.01.27"]
[Round "6"]
[White "Dalcon"]
[Black "theartist"]
[Result "1/2-1/2"]
[WhiteElo "1304"]
[BlackElo "1217"]
[Opening "Sicilian"]
[ECO "B50"]
[Time "10:00:25"]
[TimeControl "2700+45"]

1. e4 c5 2. Nf3 d6 3. Bc4 e6 4. d3 Nc6 5. a3 Nf6 6. Bg5 Be7 7. h3 O-O 8. O-O Qb6
9. Qc1 Re8 10. Nc3 a6 11. Bb3 Qc7 12. Rd1 b5 13. Ne2 d5 14. exd5 Nxd5 15. Bxe7
Rxe7 16. c4 Na5 17. Ba2 Nf6 18. b4 Nb7 19. cxb5 axb5 20. bxc5 Qxc5 21. Bb1 Qb6
22. Qe3 Qxe3 23. fxe3 e5 24. d4 exd4 25. Nfxd4 Bd7 26. Rd3 Rae8 27. Nc2 Bf5 28.
Rb3 Nd6 29. Ned4 Bd7 30. Nf3 Nf5 31. Nfd4 Nxe3 32. Nxe3 Rxe3 33. Bd3 Re1+ 34.
Rxe1 Rxe1+ 35. Kh2 Rd1 36. Nxb5 Rxd3 37. Rxd3 Bxb5 38. Rd8+ Be8 39. a4 g6 40. a5
Kg7 41. a6 Bc6 42. a7 Nd5 43. a8=Q Bxa8 44. Rxa8 Nc7 45. Rc8 Ne6 46. g4 f5 47.
gxf5 gxf5 48. Kg3 f4+ 49. Kg4 Kg6 50. Rc6 Kf6 51. Rxe6+ Kxe6 52. Kxf4 Kf6 53.
Kg4 Kg6 54. h4 {Game drawn by mutual agreement} 1/2-1/2

[Event "Team 45 45 League T36"]
[Site "Internet Chess Club"]
[Date "2008.02.29"]
[Round "6"]
[White "rpgrossman"]
[Black "king4aknight"]
[Result "0-1"]
[WhiteElo "1120"]
[BlackElo "988"]
[Opening "Réti opening"]
[ECO "A04"]
[Time "17:09:21"]
[TimeControl "2700+45"]

1. Nf3 Nc6 2. c4 d5 3. b3 g6 4. g3 Bg7 5. Nc3 Bf5 6. d3 Bxc3+ 7. Bd2 Bxa1 8.
Qxa1 Nf6 9. cxd5 Qxd5 10. Bg2 O-O-O 11. O-O Qe6 12. Ng5 Qxe2 13. Bc3 Rhf8 14.
Bxf6 exf6 15. Nxh7 Rh8 16. Nxf6 Ne5 17. Re1 Nf3+ 18. Bxf3 Qxf3 19. Ne4 Bh3
{White resigns} 0-1

[Event "Team 45 45 League T36"]
[Site "Internet Chess Club"]
[Date "2008.02.29"]
[Round "6"]
[White "sra66"]
[Black "Fidelian"]
[Result "0-1"]
[WhiteElo "1481"]
[BlackElo "1351"]
[Opening "Queen's pawn game"]
[ECO "A50"]
[Time "14:14:43"]
[TimeControl "2700+45"]

1. d4 Nf6 2. c4 c6 3. Nc3 g6 4. e4 d6 5. Nf3 Nbd7 6. Bf4 Qa5 7. Qc2 Bg7 8. Bd2
Qb6 9. Bd3 O-O 10. O-O e5 11. d5 Nc5 12. Be3 Qa5 13. Be2 Bg4 14. Rab1 Qc7 15. b4
Ncd7 16. h3 Bxf3 17. Bxf3 cxd5 18. cxd5 a6 19. Kh1 b5 20. Qd2 Nb6 21. Be2 Rac8
22. Rbc1 Qb7 23. Rg1 Rc7 24. g4 Rfc8 25. g5 Nfd7 26. h4 Nc4 27. Bxc4 Rxc4 28. f3
Rxb4 29. Ne2 Rxc1 30. Rxc1 Rc4 31. Rg1 Nb6 32. Ng3 Qc8 33. Nf1 Rc2 34. Qxc2 Qxc2
35. Bxb6 Qxa2 36. Rg2 Qb3 37. Nd2 Qd1+ 38. Kh2 h6 39. Bc7 Bf8 40. Kg3 Kh7 41.
Rh2 Kg7 42. Ba5 f6 43. Rf2 Be7 44. Rf1 Qc2 45. Rf2 fxg5 46. hxg5 Bxg5 47. Nf1
Qa4 48. Bb6 b4 49. Rb2 Qb5 50. Bf2 Qxf1 51. Rxb4 Bf4+ {White resigns} 0-1